 Dungeon Crawl Stone Soup version 0.30-a0-341-g682706514a (webtiles) character file.

Game seed: 10867841675452072864

1019 Lanoc the Insei (level 8, -2/66 HPs)
             Began as a Green Draconian Transmuter on Nov 1, 2022.
             Slain by a vampire mosquito (10 damage)
             ... on level 6 of the Dungeon.
             The game lasted 00:10:19 (4188 turns).

Lanoc the Insei (Green Draconian Transmuter)        Turns: 4188, Time: 00:10:19

Health: -2/66      AC:  8    Str: 12    XL:     8   Next: 2%
Magic:  7/11       EV: 13    Int: 15    God:
Gold:   280        SH:  0    Dex: 13    Spells: 5/11 levels left

rFire   . . .      SeeInvis .      - Unarmed
rCold   . . .      Faith    .    (no shield)
rNeg    . . .      Spirit   .    (body armour unavailable)
rPois   +          Reflect  .    (helmet currently unavailable)
rElec   .          Harm     .    c - +0 cloak
rCorr   .          Rampage  .    s - +0 pair of gloves
Will    .....                    (boots currently unavailable)
Stlth   +.........               (no amulet)
HPRegen 0.31/turn                b - ring of poison resistance
MPRegen 0.12/turn                (no ring)

@: appendages, wereblooded (expiring), invisible (expiring)
A: horns 2, talons 2, breathe noxious fumes, AC +6, unfitting armour, poison
resistance, cold-blooded
a: Breathe Noxious Fumes, End Transformation


You were on level 6 of the Dungeon.
You had temporarily grown beastly horns and talons.
You visited 1 branch of the dungeon, and saw 6 of its levels.
You also visited: Sewer.

You collected 280 gold pieces.

Inventory:

Armour
 c - a +0 cloak (worn)
 s - a +0 pair of gloves (worn)
Jewellery
 b - a ring of poison resistance (left hand)
Wands
 l - a wand of charming (12)
Scrolls
 g - a scroll of summoning {unknown}
 i - a scroll of teleportation
 j - 2 scrolls of butterflies
 p - a scroll of enchant weapon
 r - a scroll of poison
Potions
 a - a potion of lignification
 f - 6 potions of curing
 h - a potion of brilliance
 m - 5 potions of heal wounds
 n - a potion of cancellation
 o - 2 potions of ambrosia
 q - a potion of degeneration


   Skills:
 + Level 4.0 Fighting
 + Level 3.9 Dodging
 * Level 6.1 Unarmed Combat
 - Level 2.0 Spellcasting
 * Level 5.6 Transmutations


You had 5 spell levels left.
You knew the following spells:

 Your Spells              Type           Power      Damage    Failure   Level
a - Beastly Appendage     Tmut           36%        N/A       2%          1
b - Spider Form           Tmut/Pois      10%        N/A       21%         3
d - Wereblood             Tmut           18%        N/A       3%          2

Your spell library contained the following spells:

 Spells                   Type           Power      Damage    Failure   Level
 Ice Form                 Ice/Tmut       10%        N/A       56%         4


Dungeon Overview and Level Annotations

Branches:
Dungeon (7/15)              Sewer (visited)
 Temple: D:4-7

Altars:


Innate Abilities, Weirdness & Mutations

You have temporarily grown beastly horns and talons.
You can breathe blasts of noxious fumes.
Your lurid green scales are hard. (AC +6)
You cannot fit into any form of body armour.
Your system is resistant to poisons. (rPois)
You are cold-blooded and may be slowed by cold attacks.


Message History

The vampire mosquito barely misses you.
You closely miss the vampire mosquito. The vampire mosquito misses you.
You hit the vampire mosquito but do no damage.
The vampire mosquito bites you.
* * * LOW HITPOINT WARNING * * *
The vampire mosquito draws strength from your injuries!
The vampire mosquito barely misses you.
You hit the vampire mosquito.
The vampire mosquito is lightly damaged.
The vampire mosquito misses you.
The vampire mosquito closely misses you.
You punch the vampire mosquito!
Your tail-slap misses the vampire mosquito.
The vampire mosquito is moderately damaged.
The vampire mosquito closely misses you.
You catch the helpless vampire mosquito completely off-guard!
You hit the vampire mosquito but do no damage.
The vampire mosquito is moderately damaged.
You flicker for a moment.
The vampire mosquito bites you but does no damage.
The vampire mosquito bites you.
* * * LOW HITPOINT WARNING * * *
The vampire mosquito draws strength from your injuries!
You barely miss the vampire mosquito. Your punch misses the vampire mosquito.
The vampire mosquito is moderately damaged.
The vampire mosquito misses you. The vampire mosquito barely misses you.
You closely miss the vampire mosquito.
Your tail-slap misses the vampire mosquito.
The vampire mosquito is moderately damaged.
You howl as the wereblood boils in your veins!
The vampire mosquito bites you.
* * * LOW HITPOINT WARNING * * *
The vampire mosquito draws strength from your injuries!
You are too injured to fight recklessly!
Casting: Wereblood (safe; 3% risk of failure)
Confirm with . or Enter, or press ? or * to list all spells.
You grow a pair of large bovine horns.
Your feet morph into talons.
Your primal bloodlust is almost over.
The vampire mosquito bites you!
You die... .# y# .# y# .# .# ##################.# ................@yy# ####################

You could see 2 vampire mosquitoes.

Vanquished Creatures
  Sigmund (D:3)
  A vampire mosquito (D:6)
  A water moccasin (D:7)
  Pargi (Sewer)
  A sky beast (D:6)
  A black bear (D:4)
  A vampire bat (D:3)
  A hound (D:4)
  A jelly (D:6)
  Ijyb (D:3)
  A gnoll (D:1)
  4 adders
  A worm (D:2)
  A dart slug (D:2)
  3 fire bats (D:3)
  5 orcs (D:3)
  2 spectral bats (D:3)
  3 bat skeletons (D:3)
  A bat zombie (D:3)
  5 endoplasms
  6 giant cockroaches
  7 goblins
  2 hobgoblins
  3 quokkas
  9 ball pythons
  14 bats
  A bat simulacrum (D:3)
  10 frilled lizards
  6 kobolds
  21 rats
115 creatures vanquished.

Vanquished Creatures (collateral kills)
  A kobold (D:3)
  A rat (D:3)
2 creatures vanquished.

Grand Total: 117 creatures vanquished

Notes
Turn   | Place    | Note
-------+----------+-------------------------------------------
     0 | D:1      | Lanoc the Draconian Transmuter began the quest for the Orb.
     0 | D:1      | Reached XP level 1. HP: 16/16 MP: 3/3
   164 | D:1      | Reached XP level 2. HP: 12/23 MP: 3/5
   660 | D:1      | Reached XP level 3. HP: 24/28 MP: 4/6
   667 | D:1      | Learned a level 2 spell: Wereblood
  1286 | D:2      | Reached XP level 4. HP: 36/36 MP: 3/7
  1811 | D:3      | Identified the +0 scale mail of Crawling {Rampage *Slow
                  | rF+++ Will+}
  1813 | D:3      | Noticed Ijyb
  1841 | D:3      | Killed Ijyb
  1929 | D:3      | Noticed a scorpion
  2005 | D:3      | Reached skill level 4 in Unarmed Combat
  2201 | D:3      | Noticed Sigmund
  2270 | D:3      | Learned a level 3 spell: Spider Form
  2466 | D:3      | Reached XP level 5. HP: 40/41 MP: 6/8
  2709 | D:3      | Killed Sigmund
  2710 | D:3      | Reached XP level 6. HP: 9/51 MP: 3/9
  3173 | D:4      | Reached skill level 5 in Unarmed Combat
  3314 | D:4      | Your scales start taking on a lurid green colour.
  3314 | D:4      | Reached XP level 7. HP: 50/57 MP: 6/10
  3314 | D:4      | Gained mutation: Your system is resistant to poisons.
                  | (rPois) [Green Draconian growth]
  3554 | D:4      | You fall into a shaft and drop 3 floors!
  3582 | D:7      | Reached skill level 5 in Transmutations
  3749 | D:6      | Learned a level 1 spell: Beastly Appendage
  3763 | D:6      | Found a glowing drain.
  3810 | Sewer    | Entered a sewer
  3819 | Sewer    | Noticed Pargi
  3833 | Sewer    | Killed Pargi
  4153 | D:6      | Noticed a vampire mosquito
  4153 | D:6      | Noticed a vampire mosquito
  4153 | D:6      | Noticed a vampire mosquito
  4177 | D:6      | Killed a vampire mosquito
  4178 | D:6      | Reached skill level 6 in Unarmed Combat
  4178 | D:6      | Reached XP level 8. HP: 16/66 MP: 7/11
  4188 | D:6      | Slain by a vampire mosquito

Illustrated notes

Levels and vault maps discovered:
D:1:      heliophobic_arrival_ceremonial_halls, layout_loops_ring,
          minmay_small_reverse_x
D:2:      layout_loops_ring
D:3:      layout_basic, minmay_misc_feat_doors, goddamned_bats, uniq_sigmund,
          uniq_ijyb
D:4:      layout_loops_cross, minmay_rat_hole
D:6:      layout_basic, gammafunk_temple_overflow_arena, portal_sewer_entry_a,
          serial_glass, glass_columns_b, glass_columns_b
D:7:      layout_layer_cave, temple_fountains

Skill      XL: |  1  2  3  4  5  6  7 |
---------------+----------------------+-----
Dodging        | 2 3 |  3.9
Fighting       | 2 3 4 |  4.0
Transmutations | 3 4 5 |  5.6
Unarmed Combat | 4 5 6 |  6.1
Spellcasting   | |  2.0

Action                   |  1- 3 |  4- 6 |  7- 9 || total
-------------------------+-------+-------+-------++-------
Melee: Unarmed           |    74 |   133 |    95 ||   302
       Headbutt          |    18 |    13 |     9 ||    40
       Kick              |    14 |    19 |    17 ||    50
       Punch             |     2 |     5 |     2 ||     9
       Tailslap          |     5 |    13 |     8 ||    26
 Cast: Beastly Appendage |    20 |    21 |    10 ||    51
       Wereblood         |     6 |     9 |     5 ||    20
       Spider Form       |       |     1 |       ||     1
 Abil: Breathe Noxious F |       |       |     5 ||     5
Evoke: Wand              |       |     1 |       ||     1
  Use: Scroll            |       |       |    14 ||    14
       Potion            |       |       |     5 ||     5
 Stab: Invisible         |       |       |     3 ||     3
       Confused          |       |       |     1 ||     1
Armor: Skin              |    26 |    73 |    37 ||   136
Dodge: Dodged            |    41 |   157 |    92 ||   290

Table legend: (Time is in decaauts)
 A = Elapsed time spent in this place.
 B = Non-inter-level travel time spent in this place.
 C = Inter-level travel time spent in this place.
 D = Time resting spent in this place.
 E = Time spent auto-exploring this place.
 F = Levels seen in this place.
 G = Mean time per level.
                   A        B        C        D        E       F      G
               +--------+--------+--------+--------+--------+-----+--------+
         Total |   4195 |   4118 |     77 |      0 |   3303 |   7 |  599.3 |
       Dungeon |   3945 |   3868 |     77 |      0 |   3168 |   6 |  657.5 |
         Sewer |    249 |    249 |      0 |      0 |    134 |   1 |  249.0 |
               +--------+--------+--------+--------+--------+-----+--------+

Top non-repeatable levels by time:
     D:3: 1206 daAuts
     D:1: 918 daAuts
     D:2: 878 daAuts
     D:4: 537 daAuts
   Sewer: 249 daAuts
     D:6: 225 daAuts
     D:7: 179 daAuts
